cohdb
Replays
Latest Replays
All Replays
Popular Replays
Top Player Replays
Match Explorer
How It Works
Community
CoH3 Stats
Reddit
Sign in to upload your games and track your stats! →
Sign in with Steam
Match 47088973
Unlisted
Match 47088973
Overview
Messages
Build Orders
End
Pioneer Squad
Selects Luftwaffe Battlegroup
Selects Luftwaffe Pioneer Support
Fallschirmpioneer Squad Paradrop
Construct Infanterie Kompanie
Grenadier Squad
MG 42 Machine Gun Team
Construct Luftwaffe Kompanie
Selects Stuka Strafing Run
Selects Fallschirmjäger Squad Paradrop
Fallschirmjäger Squad Paradrop
Stuka Strafing Run
Support Elements
Wirbelwind Flakpanzer
Stuka Strafing Run
Luftwaffe Officer Quarters
Stuka Strafing Run
Selects Stuka Loiter
Stuka Loiter
Demi
Ermac
~TAB~ THUND3RCHUNKY
Bego
0
0
Comments
sign in to comment!
No comments posted yet!